 Dungeon Crawl Stone Soup version 0.29-a0-266-gf56f883ddd (webtiles) character file.

Game seed: 7227581721939606583

4290 avis the Grappler (level 10, 0/83 HPs)
             Began as a Hill Orc Transmuter on Mar 6, 2022.
             Slain by a tengu warrior
             ... wielding a +0 war axe
              (4 damage)
             ... on level 8 of the Dungeon.
             The game lasted 00:49:07 (8291 turns).

avis the Grappler (Hill Orc Transmuter)             Turns: 8291, Time: 00:49:08

Health: 0/83       AC:  7    Str: 14    XL:     10   Next: 32%
Magic:  14/14      EV: 29    Int: 17    God:
Gold:   434        SH:  0    Dex: 17    Spells: 3/15 levels left

rFire   . . .      SeeInvis .   a - +1 war axe (vamp)
rCold   + + .      Faith    .   (no shield)
rNeg    . . .      Spirit   .   i - +2 robe of the End {Rampage *Corrode rC++ Regen+}
rPois   .          Reflect  .   s - +1 helmet
rElec   .          Harm     .   k - +0 cloak
rCorr   .          Rampage  +   (no gloves)
Will    .....                   (no boots)
Stlth   ++........              q - amulet of the acrobat
HPRegen 1.03/turn               j - ring of wizardry
MPRegen 0.14/turn               u - +6 ring of dexterity

@: acrobatic
A: no striking features
a: no special abilities


You were on level 8 of the Dungeon.
You visited 2 branches of the dungeon, and saw 9 of its levels.

You collected 434 gold pieces.

Inventory:

Hand Weapons
 a - a +1 vampiric war axe (weapon)
 g - a +1 hand axe of venom
 t - a +0 hunting sling
 v - a +0 arbalest
 C - a +4 short sword of electrocution
 K - a +1 vorpal great sword
 L - a +2 hand axe of freezing
 Q - a +3 trident
 R - a +4 dagger
 S - a +2 battleaxe
 T - a +0 spear
Missiles
 w - 3 throwing nets
 x - 3 boomerangs
 M - 5 poisoned darts
 N - 31 stones
Armour
 i - the +2 robe of the End (worn) {Rampage *Corrode rC++ Regen+}
   (You found it on level 2 of the Dungeon)

   rC:        It greatly protects you from cold.
   Regen:     It increases your rate of health regeneration.
   *Corrode:  It may corrode you when you take damage.
   Rampage:   It bestows one free step when moving towards enemies.
 k - a +0 cloak (worn)
 s - a +1 helmet (worn)
 F - a +1 scale mail of fire resistance
Jewellery
 j - a ring of wizardry (left hand)
 q - an amulet of the acrobat (around neck)
 u - a +6 ring of dexterity (right hand)
 E - an amulet of guardian spirit
 I - a +6 ring of dexterity
Wands
 n - a wand of iceblast (20)
 r - a wand of digging (2)
 z - a wand of polymorph (7)
 A - a wand of flame (69)
 J - a wand of paralysis (12)
Scrolls
 c - a scroll of immolation {unknown}
 d - 3 scrolls of identify
 e - a scroll of vulnerability {unknown}
 p - 4 scrolls of enchant armour {unknown}
 y - 2 scrolls of fog {unknown}
 D - 3 scrolls of teleportation {unknown}
 H - a scroll of magic mapping
Potions
 b - 3 potions of lignification
 f - 2 potions of ambrosia {unknown}
 h - a potion of heal wounds
 l - a potion of curing
 o - 4 potions of brilliance
 B - a potion of magic
 G - 2 potions of degeneration {unknown}
 O - a potion of haste {unknown}
 P - 2 potions of berserk rage {unknown}
Miscellaneous
 m - a piece from Xom's chessboard (15/15)


   Skills:
 - Level 6.0 Fighting
 - Level 5.0 Armour
 - Level 5.0 Dodging
 * Level 10.6 Unarmed Combat
 - Level 3.0 Spellcasting
 - Level 3.0 Transmutations
 - Level 4.0 Ice Magic
 - Level 2.0 Poison Magic


You had 3 spell levels left.
You knew the following spells:

 Your Spells              Type           Power      Damage    Failure   Level
a - Beastly Appendage     Tmut           24%        N/A       1%          1
b - Passwall              Tmut/Erth      5%         N/A       6%          2
e - Wereblood             Tmut           12%        N/A       3%          2
p - Spider Form           Tmut/Pois      11%        N/A       8%          3
q - Ice Form              Ice/Tmut       14%        N/A       16%         4

Your spell library contained the following spells:

 Spells                   Type           Power      Damage    Failure   Level
 Magic Dart               Conj           8%         1d3       7%          1
 Sandblast                Erth           4%         2d4       7%          1
 Call Imp                 Summ           2%         N/A       11%         2
 Mephitic Cloud           Conj/Pois/Air  4%         N/A       16%         3
 Stone Arrow              Conj/Erth      4%         3d7       21%         3
 Hailstorm                Conj/Ice       9%         3d4       28%         4
 Simulacrum               Ice/Necr       4%         N/A       98%         6


Dungeon Overview and Level Annotations

Branches:
Dungeon (8/15)             Temple (1/1) D:5            Lair (0/6) D:8

Altars:
Ashenzari
Dithmenos
Elyvilon
Hepliaklqana
Kikubaaqudgha
Nemelex Xobeh
Qazlal
Ru
Sif Muna
Trog
Uskayaw
Vehumet
Xom
Zin

Shops:
D:7 *

Annotations:
D:4 1 runed translucent door, exclusion: door, Crazy Yiuf


Message History

The tengu warrior hits you with a +0 war axe!
The tengu warrior closely misses you. The tengu warrior barely misses you.
You hit the tengu warrior.
The tengu warrior is moderately wounded.
The tengu warrior barely misses you. The tengu warrior pecks you.
The tengu warrior misses you.
You closely miss the tengu warrior.
The tengu warrior is moderately wounded.
The tengu warrior blocks your attack.
The tengu warrior is moderately wounded.
The tengu warrior hits you with a +0 war axe!
The tengu warrior pecks you. The tengu warrior claws you.
The tengu warrior attacks as you move away!
The tengu warrior barely misses you. The tengu warrior pecks you.
The tengu warrior claws you.
* * * LOW HITPOINT WARNING * * *
Your transformation is almost over.
The tengu warrior completely misses you.
The tengu warrior closely misses you.
The tengu warrior completely misses you.
Your transformation has ended.
Your +1 vampiric war axe unmelds from your body.
Your +0 cloak unmelds from your body.
Your +1 helmet unmelds from your body.
The +2 robe of the End {Rampage *Corrode rC++ Regen+} unmelds from your body.
You feel a sense of dread.
The tengu warrior attacks as you move away!
The tengu warrior completely misses you.
The tengu warrior pecks you.
* * * LOW HITPOINT WARNING * * *
The tengu warrior barely misses you.
The tengu warrior attacks as you move away!
The tengu warrior hits you with a +0 war axe!
* * * LOW HITPOINT WARNING * * *
The tengu warrior completely misses you.
The tengu warrior claws you.
* * * LOW HITPOINT WARNING * * *
The tengu warrior misses you.
The tengu warrior completely misses you.
The tengu warrior claws you.
You die...

..##.# #..# #.####
##.## ..## #..###
...# #....# ....#
#....## ....#
#.....# ....#
##....# ....#
#....# .#.## ###@.#
.#.#####+########Q#
##.............#
#.............#
#.............#
#.########'####
#..# ##...##
#....###.....##
#....##.......#


You could see a tengu warrior (poisoned).

Vanquished Creatures
  An unseen horror (D:8)
  Grinder (D:4)
  A hornet (D:8)
  Prince Ribbit (D:8)
  6 yaks (D:8)
  2 steam dragons
  A water moccasin (D:5)
  Duvessa (D:6)
  A sky beast (D:6)
  3 ice beasts (D:7)
  A black bear (D:7)
  An ogre (D:6)
  A kobold brigand (D:8)
  A bullfrog (D:6)
  A necrophage (D:6)
  12 wights
  Dowan (D:6)
  5 killer bees (D:4)
  2 howler monkeys (D:7)
  2 hounds
  2 jellies
  4 iguanas
  2 orc wizards (D:5)
  Robin (D:3)
  6 adders
  3 white imps
  An ufetubus (D:7)
  3 worms
  3 dart slugs
  8 orcs
  6 ball pythons
  4 endoplasms
  A giant cockroach (D:3)
  10 goblins
  6 hobgoblins
  6 bats
  3 frilled lizards
  10 kobolds
  2 rats (D:3)
  2 butterflies (D:3)
128 creatures vanquished.

Vanquished Creatures (others)
  A butterfly (D:4)
  A plant (D:5)
2 creatures vanquished.

Grand Total: 130 creatures vanquished

Notes
Turn   | Place    | Note
-------+----------+-------------------------------------------
     0 | D:1      | avis the Hill Orc Transmuter began the quest for the Orb.
     0 | D:1      | Reached XP level 1. HP: 16/16 MP: 3/3
   408 | D:1      | Reached XP level 2. HP: 25/25 MP: 2/4
   898 | D:1      | Found a faded altar of an unknown god.
  1065 | D:2      | Identified the +2 robe of the End {Rampage *Corrode rC++
                  | Regen+}
  1130 | D:2      | Reached XP level 3. HP: 27/31 MP: 5/5
  1138 | D:2      | Learned a level 3 spell: Spider Form
  2115 | D:3      | Found a faded altar of an unknown god.
  2115 | D:3      | Found a faded altar of an unknown god.
  2117 | D:3      | Found a hazy altar of Hepliaklqana.
  2179 | D:3      | Found a shimmering altar of Xom.
  2252 | D:3      | Noticed Robin
  2310 | D:3      | Killed Robin
  2311 | D:3      | Reached skill level 1 in Poison Magic
  2311 | D:3      | Reached XP level 4. HP: 32/38 MP: 3/7
  2504 | D:3      | Learned a level 2 spell: Passwall
  3032 | D:4      | Identified the +1 chain mail "Luettubahu" {rElec Regen+
                  | Slay+3 Stlth-}
  3228 | D:4      | Found a white marble altar of Elyvilon.
  3258 | D:4      | Reached skill level 4 in Unarmed Combat
  3258 | D:4      | Reached XP level 5. HP: 42/45 MP: 6/8
  3260 | D:4      | Noticed Grinder
  3288 | D:4      | Killed Grinder
  3289 | D:4      | Reached skill level 5 in Unarmed Combat
  3289 | D:4      | Reached XP level 6. HP: 39/52 MP: 5/9
  3384 | D:4      | Reached XP level 7. HP: 58/59 MP: 4/10
  3763 | D:4      | Found a runed translucent door.
  3766 | D:4      | Noticed Crazy Yiuf
  3963 | D:5      | Entered Level 5 of the Dungeon
  4425 | D:5      | Found a staircase to the Ecumenical Temple.
  4432 | Temple   | Entered the Ecumenical Temple
  4794 | D:5      | Reached skill level 6 in Unarmed Combat
  4794 | D:5      | Reached XP level 8. HP: 17/66 MP: 9/12
  4907 | D:5      | Found a bloodstained altar of Trog.
  5068 | D:5      | Learned a level 4 spell: Ice Form
  5071 | D:5      | Learned a level 2 spell: Wereblood
  5499 | D:6      | Reached skill level 7 in Unarmed Combat
  5499 | D:6      | Reached skill level 1 in Ice Magic
  5544 | D:6      | Noticed Duvessa
  5681 | D:6      | Killed Duvessa
  5724 | D:6      | Noticed Dowan
  5735 | D:6      | Killed Dowan
  6162 | D:6      | Reached skill level 5 in Fighting
  6763 | D:7      | Reached skill level 8 in Unarmed Combat
  6763 | D:7      | Reached XP level 9. HP: 74/74 MP: 10/13
  6869 | D:7      | Reached skill level 9 in Unarmed Combat
  7085 | D:7      | Found Gudiucle's Assorted Antiques.
  7465 | D:8      | Found a staircase to the Lair.
  7677 | D:8      | Found a shimmering blue altar of Sif Muna.
  7699 | D:8      | Reached skill level 5 in Dodging
  7699 | D:8      | Reached skill level 1 in Armour
  7722 | D:8      | Reached skill level 5 in Armour
  7724 | D:8      | Reached XP level 10. HP: 39/83 MP: 14/14
  7948 | D:8      | Noticed Prince Ribbit
  7958 | D:8      | Killed Prince Ribbit
  7996 | D:8      | Reached skill level 10 in Unarmed Combat
  8166 | D:8      | Killed an unseen horror
  8267 | D:8      | Noticed a tengu warrior
  8290 | D:8      | HP: 3/83 [tengu warrior/+0 war axe (17)]
  8291 | D:8      | Slain by a tengu warrior

Illustrated notes

Levels and vault maps discovered:
D:1:      heliophobic_arrival_ceremonial_halls, layout_loops_ring,
          shapermc_ecumenical_altar_mp_urbaneastern, minmay_misc_feat_encased
D:2:      layout_basic
D:3:      layout_basic, xom_butterflies,
          nicolae_hepliaklqana_ecumenical_no_more, minivault_4, uniq_robin
D:4:      layout_rooms, nicolae_elyvilon_peaceful_grove,
          uniq_crazy_yiuf_cottage, uniq_grinder
D:5:      layout_basic, mainiacjoe_overflow_six_doors_small, temple_green,
          serial_bayou_lake_a
D:6:      layout_loops_ring, minmay_misc_feat_iff,
          chequers_serial_rivers_small_3, uniq_duvessa
D:7:      layout_basic, serial_shops,
          nicolae_shop_temple_entry_statues_fountains
D:8:      minmay_opposing_rooms, layout_loops_corners,
          mainiacjoe_overflow_small_starburst, glass_columns_b,
          uniq_prince_ribbit1
Temple:   compressed_dpeg_triangle_lava_temple

Skill      XL: |  1  2  3  4  5  6  7  8  9 10 |
---------------+-------------------------------+-----
Fighting       | 2 3 4 5 6 |  6.0
Spellcasting   | 2 3 |  3.0
Transmutations | 2 3 |  3.0
Poison Magic   | 1 2 |  2.0
Unarmed Combat | 4 5 6 8 9 10 | 10.6
Dodging        | 2 3 5 |  5.0
Ice Magic      | 4 |  4.0
Armour         | 5 |  5.0

Action                   |  1- 3 |  4- 6 |  7- 9 | 10-12 || total
-------------------------+-------+-------+-------+-------++-------
Melee: Unarmed           |    32 |    19 |   223 |    32 ||   306
       Kick              |     8 |     4 |       |       ||    12
       Headbutt          |     7 |     1 |     1 |       ||     9
       Punch             |     2 |     2 |       |     1 ||     5
       Hand axe          |    70 |    46 |    12 |       ||   128
       Short sword       |       |       |     1 |       ||     1
       War axe           |       |       |       |    18 ||    18
 Cast: Beastly Appendage |    24 |    10 |     2 |       ||    36
       Spider Form       |     2 |     2 |    18 |     4 ||    26
       Ice Form          |       |       |    12 |     1 ||    13
       Passwall          |       |       |     1 |       ||     1
  Use: Scroll            |     6 |       |     1 |       ||     7
       Potion            |       |     1 |     3 |     2 ||     6
 Stab: Sleeping          |     1 |       |     1 |     1 ||     3
Armor: Robe              |    23 |    11 |     4 |     9 ||    47
       Skin              |     1 |       |    23 |     5 ||    29
Dodge: Dodged            |    71 |    42 |   182 |    63 ||   358

Table legend: (Time is in decaauts)
 A = Elapsed time spent in this place.
 B = Non-inter-level travel time spent in this place.
 C = Inter-level travel time spent in this place.
 D = Time resting spent in this place.
 E = Time spent auto-exploring this place.
 F = Levels seen in this place.
 G = Mean time per level.
                   A        B        C        D        E       F      G
               +--------+--------+--------+--------+--------+-----+--------+
         Total |   8352 |   7276 |   1076 |    880 |   4412 |   9 |  928.0 |
       Dungeon |   8031 |   6955 |   1076 |    880 |   4117 |   8 | 1003.9 |
        Temple |    321 |    321 |      0 |      0 |    295 |   1 |  321.0 |
               +--------+--------+--------+--------+--------+-----+--------+

Top non-repeatable levels by time:
     D:3: 1246 daAuts
     D:5: 1191 daAuts
     D:6: 1180 daAuts
     D:2: 1049 daAuts
     D:1: 1034 daAuts
     D:4: 847 daAuts
     D:8: 752 daAuts
     D:7: 730 daAuts
  Temple: 321 daAuts
